 Dungeon Crawl Stone Soup version 0.31.0-32-g396128a36d (webtiles) character file.

Game seed: 9620029716432123236

25 cdecastro the Grasshopper (level 2, 0/25 HPs)
             Began as an Armataur Warper on Mar 19, 2024.
             Slain by Terence
             ... wielding a +0 mace
              (7 damage)
             ... on level 2 of the Dungeon.
             The game lasted 00:01:38 (726 turns).

cdecastro the Grasshopper (Armataur Warper)          Turns: 726, Time: 00:01:39

Health: 0/25       AC:  4    Str: 16    XL:     2   Next: 82%
Magic:  4/4        EV:  9    Int: 13    God:
Gold:   26         SH:  0    Dex:  9    Spells: 4/4 levels left

rFire   . . .        h - +2 whip (flame)
rCold   . . .        (no shield)
rNeg    . . .        b - +0 leather armour
rPois   .            (no helmet)
rElec   .            (no cloak)
rCorr   .            (no gloves)
SInv    .            (no barding)
Will    .....        (no amulet)
Stlth   +            (no ring)
HPRegen 0.24/turn    (no ring)
MPRegen 0.09/turn

%: roll
@: no status effects
A: large, deformed body, tough skin 3, armoured tail, roll 1
a: no special abilities


You were on level 2 of the Dungeon.
You visited 1 branch of the dungeon, and saw 2 of its levels.

You collected 26 gold pieces.

Inventory:

Hand Weapons
 a - a +0 mace
 h - a +2 whip of flaming (weapon)
Missiles
 d - 7 darts of dispersal (quivered)
 e - 4 poisoned darts
Armour
 b - a +0 leather armour (worn)
Scrolls
 c - a scroll of blinking
 f - a scroll of amnesia {unknown}
 g - a scroll of fear {unknown}


   Skills:
 * Level 2.7 Fighting
 - Level 1.7 Maces & Flails
 - Level 0.8 Throwing
 - Level 1.2 Armour
 - Level 1.3 Dodging
 - Level 1.7 Spellcasting
 + Level 3.3 Translocations


You had 4 spell levels left.
You didn't know any spells.
Your spell library contained the following spells:

 Spells                   Type           Power      Damage    Failure   Level
 Blink                    Tloc           18%        N/A       12%         2
 Lesser Beckoning         Tloc           18%        N/A       12%         2
 Teleport Other           Tloc           9%         N/A       24%         3
 Manifold Assault         Tloc           9%         N/A       63%         4
 Vhi's Electric Charge    Tloc/Air       10%        N/A       85%         4


Dungeon Overview and Level Annotations

Branches:
Dungeon (1/15)

Altars:

Shops:
D:1 (

Annotations:
D:2 Terence


Innate Abilities, Weirdness & Mutations

Armour fits poorly on your strangely shaped body.
You have extremely tough skin. (AC +3)
You have a long armoured tail.
You regenerate magic when rolling toward enemies. (Rampage MPRegen)


Message History

You see here a ball python corpse.
There is an open door here.
There is an open door here.
You see here a beast talisman.
There is an open door here.
There is an open door here.
A malevolent force fills the Dungeon...
You fall into a shaft and drop 1 floor!
The shaft crumbles and collapses.
Found 16 gold pieces.
Terence the Incautious comes into view.
He is wielding a +0 mace and wearing a +0 scale mail of fire resistance.
Terence shouts!
You see here 16 gold pieces.
Terence hits you with a +0 mace.
You hit Terence.
Terence is lightly wounded.
Terence screams, "I want your blood!" Terence hits you with a +0 mace.
You hit Terence.
Terence is lightly wounded.
Terence hits you but does no damage.
You hit Terence.
Terence is moderately wounded.
Terence barely misses you.
You whack Terence! You burn Terence.
Terence is severely wounded.
Terence hits you with a +0 mace.
You hit Terence.
Terence is severely wounded.
Terence hits you with a +0 mace!
* * * LOW HITPOINT WARNING * * *
You hit Terence but do no damage.
Your tail-slap misses Terence.
Terence is severely wounded.
Terence hits you with a +0 mace.
* * * LOW HITPOINT WARNING * * *
You barely miss Terence.
Terence is severely wounded.
Terence hits you with a +0 mace!
You die...
Terence says, "Rest in peace."

..#
..###########
..#........#
♣.#.....#
♣.#.....#
♣.....#....#
♣♣.....#.####
♣$.....#.#
##@...##.#
#@.......
..........
.#.#.......
..#.##......
♣. #.. ......
P. ♣#. ......
♣. . ....


You could see Terence.

Vanquished Creatures
  2 endoplasms (D:1)
  2 giant cockroaches (D:1)
  4 goblins (D:1)
  5 hobgoblins (D:1)
  2 kobolds (D:1)
  2 ball pythons (D:1)
  2 bats (D:1)
  A rat (D:1)
20 creatures vanquished.

Notes
Turn   | Place    | Note
-------+----------+-------------------------------------------
     0 | D:1      | cdecastro the Armataur Warper began the quest for the Orb.
     0 | D:1      | Reached XP level 1. HP: 17/17 MP: 3/3
    88 | D:1      | Found Umyeggu's Weapon Shoppe.
   183 | D:1      | Reached XP level 2. HP: 19/24 MP: 4/4
   712 | D:1      | You fall into a shaft and drop 1 floor!
   715 | D:2      | Noticed Terence
   726 | D:2      | Slain by Terence

Illustrated notes

Levels and vault maps discovered:
D:1:      matt_arrival_los_fun, layout_loops_cross, serial_shops,
          nicolae_shop_bloodbath_and_beyond
D:2:      layout_basic, serial_shops, shop, serial_forest,
          infiniplex_forest_zigzag_1, infiniplex_forest_end_2,
          infiniplex_forest_lined_corner, infiniplex_forest_pool,
          infiniplex_forest_clump_curved, infiniplex_forest_straight_5,
          infiniplex_forest_lined_4_way, infiniplex_forest_end_3,
          infiniplex_forest_clump_curved, uniq_terence

Skill      XL: |  1 |
---------------+----+-----
Fighting       | 2 |  2.7
Maces & Flails | |  1.7
Throwing       | |  0.8
Armour         | |  1.2
Dodging        | |  1.3
Spellcasting   | |  1.7
Translocations | |  3.3

Action                     || total
---------------------------++-------
  Melee: Mace              ||    53
         Tailslap          ||     4
         Whip              ||    14
   Stab: Sleeping          ||     1
 Armour: Leather armour    ||    51
  Dodge: Dodged            ||    19
